 Dungeon Crawl Stone Soup version 0.16.1-5-gaa23807 (webtiles) character file.

238 wojtek the Slicer (level 6, 0/35 HPs)
             Began as a Kobold Assassin on Mar 28, 2015.
             Slain by a goblin (3 damage)
             ... led by Robin
             ... on level 3 of the Dungeon.
             The game lasted 00:03:45 (2447 turns).

wojtek the Slicer (Kobold Assassin)                 Turns: 2447, Time: 00:03:45

Health: 0/35       AC:  3    Str: 10    XL:     6   Next: 28%
Magic:  6/6        EV: 14    Int: 11    God:
Gold:   105        SH:  0    Dex: 17    Spells: 0 memorised, 5 levels left

rFire  . . .     SeeInvis .     a - +0 short sword (venom)
rCold  . . .     Clarity  .     c - +0 robe
rNeg   . . .     SustAb   .     (no shield)
rPois  .         Gourm    .     (no helmet)
rElec  .         Spirit   .     d - +0 cloak
rCorr  .         Warding  .     (no gloves)
rMut   .         Stasis   .     (no boots)
MR     .....                    (no amulet)
Stlth  +++.......               (no ring)
                                n - ring of flight

@: not resistant to hostile enchantments, fairly stealthy
A: carnivore 3
a: Evoke Flight


You were on level 3 of the Dungeon.
You were very full.

You visited 1 branch of the dungeon, and saw 3 of its levels.

You collected 105 gold pieces.

Inventory:

Hand weapons
 a - a +0 short sword of venom (weapon)
 b - a +0 blowgun
 s - a +2 dagger
Missiles
 e - 9 poisoned needles
 f - 2 curare-tipped needles
Armour
 c - a +0 robe (worn)
 d - a +0 cloak (worn)
Jewellery
 n - a ring of flight (left hand)
Scrolls
 h - 2 scrolls of recharging {unknown}
 l - 2 scrolls of immolation {unknown}
 o - a scroll of identify {unknown}
 q - a scroll of remove curse {unknown}
 r - a scroll of random uselessness {unknown}
 u - a scroll of fear {unknown}
Potions
 i - a potion of poison {unknown}
 j - a potion of curing {unknown}
 k - a potion of heal wounds {unknown}
 m - a potion of agility {unknown}
 t - a potion of restore abilities {unknown}
 w - a potion of berserk rage {unknown}
 x - a potion of flight {unknown}
Comestibles
 g - 4 meat rations
 p - a royal jelly


   Skills:
 - Level 2.1 Fighting
 + Level 8.1 Short Blades
 - Level 2.6 Throwing
 - Level 1.2 Dodging
 - Level 5.3 Stealth


You had 5 spell levels left.
You didn't know any spells.

Dungeon Overview and Level Annotations

Branches:
Dungeon (3/15)

Altars:
Okawaru
Trog

Annotations:
D:3 Terence


Innate Abilities, Weirdness & Mutations

You are small and have problems with some larger weapons.
You are carnivorous and can eat meat at any time.


Message History

The goblin unwields an uncursed hunting sling.
The goblin closely misses you. The goblin barely misses you.
You hit Robin.
You kill Robin!
The goblin closely misses you.
You miss the goblin. The goblin misses you. The goblin misses you.
The goblin hits you.
* * * LOW HITPOINT WARNING * * *
The goblin hits you but does no damage. The goblin barely misses you.
You closely miss the goblin. The goblin misses you. The goblin misses you.
The goblin hits you.
* * * LOW HITPOINT WARNING * * *
You closely miss the goblin. The goblin misses you.
The goblin hits you but does no damage.
You hit the goblin.
You kill the goblin!
The goblin hits you.
* * * LOW HITPOINT WARNING * * *
The goblin hits you.
You die...

.## ..... #.# #.# ..## #..#
##.# #.# ...### #..####..#
#.#
.....#########.......####.#
............###.##......#.#
............# #.#..####.#.#
............###gg.####..#.#
..........((.((gg####..##.#
.............##g@..>..###%#
##............gg#########.###
.............<#g####........#
..................##...[....#
.............##.#.##........#
..........##.##.#...........#
..#######.##.##.####........#
.g#######.##................#
g)<.....(.###......#.....####


You could see 2 hobgoblins and 6 goblins.

Vanquished Creatures
  Sigmund (D:3)
  Natasha (D:3)
  Robin (D:3)
  3 gnolls (D:2)
  3 adders
  A giant mite (D:1)
  3 giant geckos
  4 orcs
  2 ball pythons
  3 giant cockroaches
  13 goblins
  10 hobgoblins
  2 jackals (D:2)
  6 kobolds
  5 bats
  4 giant newts
62 creatures vanquished.

Notes
Turn   | Place    | Note
--------------------------------------------------------------
     0 | D:1      | wojtek, the Kobold Assassin, began the quest for the Orb.
     0 | D:1      | Reached XP level 1. HP: 12/12 MP: 1/1
    27 | D:1      | Reached XP level 2. HP: 17/17 MP: 2/2
   244 | D:1      | Reached XP level 3. HP: 21/21 MP: 3/3
   860 | D:2      | Reached skill level 5 in Short Blades
  1099 | D:2      | Reached XP level 4. HP: 23/26 MP: 4/4
  1196 | D:2      | Found an iron altar of Okawaru.
  1445 | D:2      | Found a bloodstained altar of Trog.
  1513 | D:2      | Reached skill level 6 in Short Blades
  1657 | D:2      | Reached XP level 5. HP: 30/30 MP: 5/5
  1838 | D:3      | Noticed Natasha
  2078 | D:3      | Killed Natasha
  2078 | D:3      | Reached skill level 7 in Short Blades
  2223 | D:3      | Noticed Robin
  2224 | D:3      | Noticed Sigmund
  2225 | D:3      | Noticed Terence
  2434 | D:3      | Killed Sigmund
  2434 | D:3      | Reached skill level 8 in Short Blades
  2434 | D:3      | Reached XP level 6. HP: 21/35 MP: 6/6
  2443 | D:3      | Killed Robin
  2447 | D:3      | Slain by a goblin

Action                   |  1- 3 |  4- 6 || total
-------------------------+-------+-------++-------
Melee: Dagger            |    78 |    11 ||    89
       Short sword       |       |    73 ||    73
 Fire: Blowgun           |       |    15 ||    15
 Stab: Sleeping          |    16 |     4 ||    20
       Distracted        |       |     1 ||     1
  Eat: Chunk             |     9 |     3 ||    12
